Map: 카이로스 정션 - 래더

Players

llllllllllll (Trap) - Winner!

  • Race: Protoss Protoss
  • League: Master
  • Spawn Location: 11:00

Zest

  • Race: Protoss Protoss
  • League: Master
  • Spawn Location: 5:00

VOD

Have the link to the VOD?

Description

Time

  • Played on: Aug. 8, 2019, 8:57 a.m.
  • Length: 5:29
Show
View Real Time Build Order
Export as new Build Order

llllllllllll Protoss - Winner!

Build Orders:  

Get SALT Encoding   

  12  0:00  Probe  
  13  0:12  Probe  
  14  0:17  Pylon  
  14  0:24  Probe  
  15  0:32  Probe  
  15  0:37  Gateway  
  15  0:40  Probe  
  17  0:51  Probe  
  17  0:55  Assimilator  
  18  0:59  Probe, Assimilator  
  19  1:07  Probe, Gateway  
  19  1:17  Probe  
  20  1:25  Cybernetics Core  
  21  1:29  Probe  
  22  1:33  Pylon  
  22  1:41  Probe  
  23  1:52  Warp Gate  
  23  1:53  Probe  
  24  2:01  Stalker x2  
  28  2:11  Pylon  
  28  2:26  Pylon  
  28  2:31  Stalker x2  
  32  2:40  Robotics Facility  
  32  3:05  Nexus  
  34  3:06  Sentry  
  34  3:14  Sentry  
  34  3:18  Shield Battery  
  36  3:23  Shield Battery  
  36  3:24  Warp Prism  
  38  3:42  Pylon  
  38  3:51  Pylon  
  38  4:00  Adept x2  
  41  4:03  Probe  
  41  4:07  Immortal  
  41  4:19  Probe  
  41  4:22  Probe  
  47  4:28  Sentry  
  49  4:32  Sentry  
  49  4:36  Probe x2  
  53  4:51  Probe x2  
  55  5:02  Adept x2  
  55  5:03  Pylon  
  59  5:07  Probe x2  
Show
View Real Time Build Order
Export as new Build Order

Zest Protoss 

Build Orders:  

Get SALT Encoding   

  12  0:00  Probe  
  13  0:12  Probe  
  14  0:17  Pylon  
  14  0:24  Probe  
  15  0:32  Probe  
  15  0:37  Gateway  
  15  0:40  Probe  
  16  0:46  Assimilator  
  17  0:51  Probe  
  17  0:55  Assimilator  
  18  1:00  Probe  
  19  1:07  Gateway  
  19  1:08  Probe  
  19  1:17  Probe  
  20  1:24  Cybernetics Core  
  21  1:29  Probe  
  22  1:39  Pylon  
  22  1:41  Probe  
  23  1:52  Warp Gate  
  23  1:57  Probe  
  23  2:00  Stalker  
  23  2:01  Stalker  
  28  2:15  Pylon  
  28  2:30  Adept  
  28  2:33  Adept  
  32  2:49  Nexus  
  32  3:00  Stalker  
  32  3:05  Stalker  
  32  3:12  Shield Battery  
  34  3:22  Probe  
  35  3:27  Pylon  
  35  3:34  Probe  
  35  3:35  Pylon  
  36  3:46  Probe  
  37  3:58  Probe  
  38  4:04  Stalker x2  
  38  4:09  Probe, Robotics Facility  
  40  4:10  Probe  
  40  4:17  Probe  
  40  4:18  Probe  
  42  4:25  Probe  
  42  4:26  Probe  
  42  4:30  Forge  
  44  4:33  Sentry x2  
  44  4:34  Probe  
  49  4:40  Probe  
  49  4:42  Pylon, Probe  
  54  5:00  Observer, Probe  
  54  5:01  Probe  
  53  5:07  Sentry x2, Assimilator  
  53  5:09  Assimilator  
Tags
 
Matchup
PvP
Player
TrapZest
Replay Pack
GBL
Spawn Locations
Cross Positions
Add a new tag
Caveats
  • Supply blocks, unpowered buildings, or Contaminate may cause inaccurate times.
  • Supply counts are checked every 10 seconds.